 Dungeon Crawl Stone Soup version 0.21-a0-170-g0398fc9 (webtiles) character file.

1350 wolfsongas the Cudgeler (level 8, -1/74 HPs)
             Began as a Troll Fighter on Aug 6, 2017.
             Was a Believer of Trog.
             Slain by Pikel
             ... wielding a +0 whip of freezing
              (7 damage)
             ... on level 6 of the Dungeon.
             The game lasted 00:09:50 (4038 turns).

wolfsongas the Cudgeler (Troll Fighter)             Turns: 4038, Time: 00:09:51

Health: -1/74      AC:  5    Str: 27    XL:     8   Next: 36%
Magic:  7/7        EV: 10    Int:  8    God:    Trog [**....]
Gold:   295        SH:  0    Dex: 11    Spells: 7/7 levels left

rFire    . . .     SeeInvis .   y - +9 glaive of Ferado {venom, *Drain rN+ Str+2 Int+4}
rCold    . . .     Gourm    +   (shield currently unavailable)
rNeg     + . .     Faith    .   b - +0 robe
rPois    .         Spirit   .   s - +0 hat
rElec    .         Reflect  .   (no cloak)
rCorr    .         Harm     .   (gloves unavailable)
MR       .....                  (boots unavailable)
Stlth    +.........             (no amulet)
HPRegen  0.62/turn              (no ring)
MPRegen  0.10/turn              (no ring)

@: no status effects
A: unfitting armour, claws 3, fast metabolism 3, gourmand, regeneration 1,
shaggy fur 1, tough skin 2
a: Berserk, Trog's Hand, Burn Spellbooks, Renounce Religion


You were on level 6 of the Dungeon.
You worshipped Trog.
Trog was pleased with you.
You were completely stuffed.

You visited 1 branch of the dungeon, and saw 6 of its levels.

You collected 295 gold pieces.

Inventory:

Hand Weapons
 a - a +0 flail
 y - the +9 glaive of Ferado (weapon) {venom, *Drain rN+ Str+2 Int+4}
   (You found it on level 4 of the Dungeon)

   It poisons the flesh of those it strikes.
   It affects your strength (+2).
   It affects your intelligence (+4).
   It protects you from negative energy.
   It causes draining when unequipped.
 F - a +0 giant spiked club
Missiles
 l - 6 large rocks (quivered)
 m - 5 javelins
Armour
 b - a +0 robe (worn)
 c - a +0 shield
 s - a +0 hat (worn)
Wands
 t - a wand of random effects (15/48)
 x - a wand of random effects (20/48)
Scrolls
 d - a scroll of recharging {unknown}
 h - a scroll of identify {unknown}
 i - a scroll of amnesia {unknown}
 j - 2 scrolls of magic mapping
 k - a scroll of noise {unknown}
 n - a scroll of teleportation
 r - a scroll of remove curse
 u - 2 scrolls of blinking
 z - a scroll of enchant weapon {unknown}
 D - a scroll of vulnerability {unknown}
Potions
 e - 2 potions of curing
 o - a potion of invisibility {unknown}
 q - 2 potions of heal wounds {unknown}
 v - a potion of agility {unknown}
 w - a potion of brilliance
 A - a potion of might
 E - a potion of flight {unknown}
Comestibles
 f - 4 bread rations
 g - 5 meat rations
 p - a royal jelly
 B - 4 chunks of flesh
 C - 2 fruits


   Skills:
 + Level 2.8 Fighting
 - Level 7.2 Maces & Flails
 * Level 5.3 Polearms
 - Level 2.4 Dodging
 - Level 2.4 Shields


You had 7 spell levels left.
You didn't know any spells.

Dungeon Overview and Level Annotations

Branches:
Dungeon (6/15)
 Temple: D:4-7

Altars:
Dithmenos
Qazlal
Ru
Trog

Shops:
D:4 (

Annotations:
D:6 Pikel


Innate Abilities, Weirdness & Mutations

You are too large for most types of armour.
You have claws for hands.
Your metabolism is lightning-fast.
You like to eat raw meat.
Your natural rate of healing is unusually fast.
You are covered in fur. (AC +1)
You have very tough skin. (AC +2)


Message History

You are too injured to fight recklessly!
You are too injured to fight recklessly!
You slash the orc warrior!
You kill the orc warrior!
Trog accepts your kill.
The orc priest looks braver for a moment.
The ice beast misses you. The orc hits you with a hand axe.
A slave comes into view.
The slave shouts!
You slash the orc!
You kill the orc!
Trog accepts your kill. The orc priest hits you with a flail.
The ice beast misses you. Pikel barely misses you.
The orc priest closely misses you.
You barely miss Pikel. The ice beast hits you. The ice beast freezes you!
* * * LOW HITPOINT WARNING * * *
The slave hits you.
* * * LOW HITPOINT WARNING * * *
Pikel hits you with a whip of freezing!
You die...

. .............#
..##....#......## . .
......#.##......##... p.
#................. ...
#..#.##.......# #.
...p###............. ##
.............##..#######
......op................
.....pK@.....###.#######
####..Y#..........#
##..#+#...####.# ##.
+.### .. ## #.# #.. ..#
### ####


You could see Pikel, an ice beast, 4 slaves and an orc priest.

Vanquished Creatures
  Sigmund (D:2)
  A sky beast (D:5)
  An orc warrior (D:6)
  An ogre (D:5)
  A bullfrog (D:6)
  3 scorpions (D:5)
  2 crimson imps (D:5)
  A quasit (D:5)
  5 hounds
  Ijyb (D:3)
  Natasha (thrice) (D:3)
  5 worker ants
  A hound skeleton (D:5)
  Robin (D:3)
  A howler monkey zombie (D:6)
  3 gnolls (D:3)
  7 adders
  3 oozes
  An adder zombie (D:5)
  An adder skeleton (D:5)
  2 worms
  3 dart slugs
  3 leopard geckos
  11 orcs
  5 giant cockroaches
  4 hobgoblins
  3 jackals (D:2)
  3 quokkas
  A ball python (D:5)
  5 bats
  2 frilled lizards
  7 goblins
  4 kobolds (D:1)
  A quokka skeleton (D:5)
  6 rats
103 creatures vanquished.

Notes
Turn   | Place    | Note
-------+----------+-------------------------------------------
     0 | D:1      | wolfsongas the Troll Fighter began the quest for the Orb.
     0 | D:1      | Reached XP level 1. HP: 22/22 MP: 0/0
    27 | D:1      | Reached skill level 2 in Maces & Flails
   114 | D:1      | Reached XP level 2. HP: 29/29 MP: 1/1
   650 | D:2      | Reached skill level 3 in Maces & Flails
   746 | D:2      | Noticed Sigmund
   751 | D:2      | Killed Sigmund
   751 | D:2      | Reached skill level 5 in Maces & Flails
   751 | D:2      | Reached XP level 3. HP: 36/36 MP: 2/2
   751 | D:2      | Reached XP level 4. HP: 44/44 MP: 3/3
   751 | D:2      | Reached XP level 5. HP: 50/50 MP: 4/4
   961 | D:2      | Found a shadowy altar of Dithmenos.
  1042 | D:2      | Found a bloodstained altar of Trog.
  1062 | D:2      | Became a worshipper of Trog the Wrathful
  1381 | D:3      | Noticed Robin
  1392 | D:3      | Killed Robin
  1411 | D:3      | Noticed Ijyb
  1414 | D:3      | Noticed Natasha
  1417 | D:3      | Killed Ijyb
  1420 | D:3      | Killed Natasha
  1420 | D:3      | Reached XP level 6. HP: 53/59 MP: 5/5
  1624 | D:3      | Reached skill level 6 in Maces & Flails
  1781 | D:3      | Noticed Natasha
  1794 | D:3      | Killed Natasha
  1794 | D:3      | Reached * piety under Trog
  1811 | D:3      | Noticed Natasha
  1825 | D:3      | Killed Natasha
  2507 | D:4      | Found a stormy altar of Qazlal.
  2507 | D:4      | Noticed an air elemental
  2507 | D:4      | Noticed a water elemental
  2626 | D:4      | Noticed a fire elemental
  2697 | D:4      | Reached skill level 7 in Maces & Flails
  2697 | D:4      | Reached XP level 7. HP: 35/66 MP: 6/6
  2904 | D:4      | Got a transparent glaive
  2910 | D:4      | Identified the +9 glaive of Ferado {venom, *Drain rN+ Str+2 Int+4} (You found it on level 4 of the Dungeon)
  2988 | D:4      | Found Jekoed's Weapon Emporium.
  3331 | D:5      | Entered Level 5 of the Dungeon
  3491 | D:5      | Found a sacrificial altar of Ru.
  3649 | D:5      | Reached ** piety under Trog
  3697 | D:5      | Reached XP level 8. HP: 74/74 MP: 7/7
  4000 | D:6      | Reached skill level 5 in Polearms
  4032 | D:6      | Noticed Pikel
  4038 | D:6      | Slain by Pikel

Vault maps used:
D:1:      roderic_dead_forest, fountainhead
D:2:      old_standard_altar, first_bread, minmay_misc_feat_diagonals,
          grunt_dithmenos_smoke_and_mirrors, uniq_sigmund
D:3:      uniq_robin, uniq_ijyb, uniq_natasha
D:4:      nicolae_qazlal_style_of_elements, serial_shops, shop_fountains
D:5:      nicolae_ru_awakened_eye
D:6:      kennysheep_spiral_hall, gammafunk_temple_overflow_elements,
          minitemple, kennysheep_mini, temple_hall_moat, uniq_blork_the_orc,
          uniq_pikel

Skill      XL: |  1  2  3  4  5  6  7  8 |
---------------+-------------------------+-----
Maces & Flails | 2 5 7 |  7.2
Polearms       | 4 5 |  5.3
Fighting       | |  2.8
Dodging        | |  2.4
Shields        | |  2.4

Action                   |  1- 3 |  4- 6 |  7- 9 || total
-------------------------+-------+-------+-------++-------
Melee: Flail             |    48 |   213 |    27 ||   288
       Glaive            |       |       |    63 ||    63
Throw: Large rock        |     3 |     6 |       ||     9
  Use: Potion            |       |     1 |     2 ||     3
       Scroll            |       |       |     4 ||     4
 Stab: Sleeping          |       |     1 |     1 ||     2
  Eat: Chunk             |     7 |    24 |    13 ||    44
Armor: Robe              |    13 |    61 |    22 ||    96
Dodge: Dodged            |    26 |    62 |    44 ||   132
Block: Shield            |    30 |    80 |    15 ||   125
